 Dungeon Crawl Stone Soup version 0.16-a0-3667-g690a316 (webtiles) character file.

433 MuadDib the Ruffian (level 6, -2/47 HPs)
             Began as a Bearkin Berserker on July 22, 2015.
             Was a Priest of Trog.
             Slain by an adder (3 damage)
             ... on level 5 of the Dungeon.
             The game lasted 00:10:07 (2361 turns).

MuadDib the Ruffian (Bearkin Berserker)             Turns: 2361, Time: 00:10:07

Health: -2/47      AC:  9    Str: 23    XL:     6   Next: 67%
Magic:  6/6        EV: 11    Int:  7    God:    Trog [***...]
Gold:   159        SH:  0    Dex: 10    Spells: 0 memorised, 5 levels left

rFire  . . .     SeeInvis .       - Unarmed
rCold  . . .     Clarity  .     d - +2 ring mail {rPois}
rNeg   . . .     SustAb   .     (no shield)
rPois  +         Gourm    .     (no helmet)
rElec  .         Spirit   .     (no cloak)
rCorr  .         Warding  .     (no gloves)
rMut   .         Stasis   .     (no boots)
MR     .....                    (no amulet)
Stlth  +.........               (no ring)
                                (no ring)

@: not resistant to hostile enchantments, very unstealthy
A: claws 1, shaggy fur 2, hind claws 2, cornered berserk
a: Cornered Berserk, Burn Spellbooks, Berserk, Trog's Hand, Renounce Religion


You were on level 5 of the Dungeon.
You worshipped Trog.
Trog was most pleased with you.
You were very hungry.

You visited 1 branch of the dungeon, and saw 5 of its levels.

You collected 159 gold pieces.

Inventory:

Armour
 b - a +0 animal skin
 d - a +2 ring mail of poison resistance (worn)
 e - a +0 cloak
 o - a +1 leather armour of cold resistance
Jewellery
 m - an uncursed ring of wizardry {unknown}
Magical devices
 q - a wand of random effects (28)
 r - a wand of paralysis (17)
Scrolls
 f - 3 scrolls of enchant armour {unknown}
 g - 4 scrolls of remove curse {unknown}
 k - a scroll of fog {unknown}
 p - a scroll of teleportation {unknown}
 t - a scroll of amnesia {unknown}
 u - a scroll of noise {unknown}
 v - a scroll of identify {unknown}
Potions
 h - a potion of resistance {unknown}
 i - a potion of might {unknown}
 j - a potion of heal wounds {unknown}
 l - a potion of haste {unknown}
 n - a potion of curing {unknown}
 s - a potion of ambrosia {unknown}
 w - 2 potions of magic {unknown}
Comestibles
 a - 3 bread rations
 c - 2 beef jerkies


   Skills:
 - Level 3.0 Fighting
 - Level 1.2 Armour
 - Level 1.5 Dodging
 + Level 1.4 Stealth
 + Level 7.4 Unarmed Combat


You had 5 spell levels left.
You didn't know any spells.

Dungeon Overview and Level Annotations

Branches:
Dungeon (5/15)
 Temple: D:4-7

Altars:
Fedhas
Qazlal
Ru

Annotations:
D:2 exclusion: oklob plant


Innate Abilities, Weirdness & Mutations

You have sharp fingernails.
You are covered in thick fur (AC +2).
Your hind legs have sharp claws.
You can berserk when greatly wounded.


Message History

The adder is lightly wounded.
The adder bites you.
You scratch the adder.
Your hind claws misses the adder.
The adder is moderately wounded.
The adder bites you. The adder bites you but does no damage.
You scratch the adder.
Your hind claws misses the adder.
The adder is severely wounded.
The adder bites you but does no damage.
You closely miss the adder.
The adder is severely wounded.
The ogre hits you with a giant spiked club!
* * * LOW HITPOINT WARNING * * *
The adder misses you. The adder bites you but does no damage.
You barely miss the adder.
Your hind claws misses the adder.
The adder is severely wounded.
The adder bites you.
* * * LOW HITPOINT WARNING * * *
The adder bites you.
You die...

...###.......##
....##........##
....##....###..#
....##....#
##.##
....##....# #..#
....##....#
##.##
....##....# #..#
....##....# ##.#
...#####... #@#
...# #...# #S#
...# #...# #O#
...# #...# ##.#
.##.#
#.....###..# .#
.. ...........#
## ...8.......#
# .......).## #
.....#####


You could see an ogre and an adder (bleeding).

Vanquished Creatures
  Grinder (D:5)
  An ogre (D:4)
  A hound (D:4)
  Ijyb (D:3)
  3 adders
  2 worms
  2 orcs (D:3)
  2 giant cockroaches
  7 goblins
  9 hobgoblins
  5 jackals
  9 kobolds
  5 bats
  3 giant geckos
  A giant gecko skeleton (D:4)
  4 giant newts
  7 rats
63 creatures vanquished.

Notes
Turn   | Place    | Note
--------------------------------------------------------------
     0 | D:1      | MuadDib, the Bearkin Berserker, began the quest for the Orb.
     0 | D:1      | Reached XP level 1. HP: 18/18 MP: 1/1
   216 | D:1      | Reached XP level 2. HP: 18/24 MP: 2/2
   646 | D:2      | Reached skill level 4 in Unarmed Combat
   654 | D:2      | Reached XP level 3. HP: 29/29 MP: 3/3
   656 | D:2      | Acquired Trog's second power
   985 | D:2      | Found a stormy altar of Qazlal.
  1001 | D:2      | Found a blossoming altar of Fedhas.
  1026 | D:2      | Noticed an oklob plant
  1152 | D:3      | Gained mutation: Your hind legs have sharp claws. [bearkin transformation]
  1152 | D:3      | Reached XP level 4. HP: 35/35 MP: 4/4
  1214 | D:3      | Reached skill level 5 in Unarmed Combat
  1257 | D:3      | Noticed Ijyb
  1266 | D:3      | Killed Ijyb
  1571 | D:4      | Reached XP level 5. HP: 41/41 MP: 5/5
  1770 | D:4      | Found a sacrificial altar of Ru.
  1772 | D:4      | Noticed an ogre
  1780 | D:4      | Killed an ogre
  1780 | D:4      | Reached skill level 1 in Stealth
  1780 | D:4      | Reached skill level 6 in Unarmed Combat
  2215 | D:5      | Entered Level 5 of the Dungeon
  2280 | D:5      | Noticed Grinder
  2301 | D:5      | Paralysed by Grinder for 2 turns
  2313 | D:5      | Killed Grinder
  2313 | D:5      | Reached skill level 7 in Unarmed Combat
  2313 | D:5      | Gained mutation: You are covered in thick fur (AC +2). [bearkin transformation]
  2313 | D:5      | Reached XP level 6. HP: 18/47 MP: 6/6
  2349 | D:5      | Noticed an ogre
  2355 | D:5      | HP: 2/47 [ogre/giant spiked club (17)]
  2361 | D:5      | HP: 1/47 [adder (2)]
  2361 | D:5      | Slain by an adder

Action                   |  1- 3 |  4- 6 || total
-------------------------+-------+-------++-------
Melee: Unarmed           |    93 |   123 ||   216
Invok: Berserk           |     1 |       ||     1
  Eat: Bread ration      |       |     1 ||     1
